 Dungeon Crawl Stone Soup version 0.31-a0-971-g75a2e9a4b4 (webtiles) character file.

Game seed: 14510714695635137890

352 BinkBink the Trooper (level 6, -5/43 HPs)
             Began as an Octopode Fighter on Oct 28, 2023.
             Slain by a gnoll
             ... wielding a +0 halberd
             ... led by a gnoll bouda
              (17 damage)
             ... on level 5 of the Dungeon.
             The game lasted 00:03:58 (3091 turns).

BinkBink the Trooper (Octopode Fighter)             Turns: 3091, Time: 00:03:58

Health: -5/43      AC:  1    Str: 15    XL:     6   Next: 62%
Magic:  6/6        EV: 14    Int: 10    God:
Gold:   173        SH:  5    Dex: 14    Spells: 5/5 levels left

rFire   . .          .
                       - Unarmed
rCold   . . .        a - +0 buckler
rNeg    . . .        (helmet restricted)
rPois   .            (no amulet)
rElec   .            (no ring)
rCorr   .            (no ring)
SInv    .            (no ring)
Will    .....        (no ring)
Stlth   +++          (no ring)
HPRegen 0.27/turn    (no ring)
MPRegen 0.10/turn    (no ring)
                     (no ring)

%: no passive effects
@: no status effects
A: almost no armour, amphibious, 8 rings, camouflage 1, gelatinous body 1,
(nimble swimmer 1), tentacles
a: no special abilities


You were on level 5 of the Dungeon.
You visited 1 branch of the dungeon, and saw 5 of its levels.

You collected 173 gold pieces.

Inventory:

Armour
 a - a +0 buckler (worn)
Jewellery
 k - a +6 ring of dexterity
 n - a +6 ring of intelligence
 w - an amulet of magic regeneration
 y - a ring of magical power
Wands
 s - a wand of light (12)
Scrolls
 d - a scroll of revelation {unknown}
 i - a scroll of teleportation {unknown}
 j - 2 scrolls of enchant armour {unknown}
 m - a scroll of identify {unknown}
 o - 2 scrolls of vulnerability {unknown}
 p - a scroll of torment {unknown}
 q - a scroll of acquirement {unknown}
 t - a scroll of immolation {unknown}
 u - a scroll of poison {unknown}
Potions
 b - 2 potions of might
 c - a potion of resistance {unknown}
 e - a potion of heal wounds
 f - 2 potions of mutation {unknown}
 g - a potion of attraction {unknown}
 h - 2 potions of magic
 l - a potion of invisibility {unknown}
 r - 2 potions of curing {unknown}
 v - a potion of haste {unknown}
 x - a potion of brilliance {unknown}


   Skills:
 + Level 4.2 Fighting
 + Level 4.1 Dodging
 + Level 3.5 Stealth
 + Level 4.2 Shields
 + Level 3.4 Unarmed Combat


You had 5 spell levels left.
You didn't know any spells.
Your spell library contained the following spells:

 Spells                   Type           Power      Damage    Failure   Level
 Brom's Barrelling Bould  Conj/Erth      0%         2d3       99%         4
 Fireball                 Conj/Fire      0%         3d3       100%        5
 Iskenderun's Battlesphe  Conj           0%         2d6       100%        5
 Conjure Ball Lightning   Conj/Air       0%         3x3d6     100%        6
 Orb of Destruction       Conj           0%         9d5       100%        7


Dungeon Overview and Level Annotations

Branches:
Dungeon (5/15)
 Temple: D:4-7

Altars:
Cheibriados
Gozag
Makhleb
Qazlal
Wu Jian
The Shining One

Shops:
D:1 (   D:3 [

Annotations:
D:5 1 runed translucent door, CoinPitGoblin's ghost, novice DrSh


Innate Abilities, Weirdness & Mutations

You cannot wear most types of armour.
You are amphibious.
You can wear up to eight rings at the same time.
Your skin changes colour to match your surroundings (Stealth+).
Your rubbery body absorbs attacks. (AC +1, EV +1)
((You are camouflaged when in or above water. (Stealth+)))
You have tentacles for arms and can constrict up to eight enemies at once.


Message History

You constrict the iguana. The iguana closely misses you.
You tentacle-slap the iguana.
The iguana is severely wounded.
You constrict the iguana. The iguana completely misses you.
You tentacle-slap the iguana.
The iguana is almost dead.
You constrict the iguana.
You kill the iguana!
No target in view!
Found a leather armour.
You see here a +0 leather armour.
Found a ring mail.
You see here a +0 ring mail.
w - an amulet of magic regeneration
Found a stone staircase leading down.
x - a golden potion
Found a leather armour.
You see here a +0 leather armour.
y - a ring of magical power
Found a runed translucent door.
Found 4 poisoned darts.
CoinPitGoblin's ghost turns its malevolent gaze towards you.
You now have 173 gold pieces (gained 7).
Found a tower shield.
A gnoll bouda and a gnoll come into view.
The gnoll bouda barks out a call to the hunt!
The gnoll picks up the pace!
CoinPitGoblin's ghost shouts, "Do you think the gods will protect you?"
The gnoll misses you. The gnoll attacks as it pursues you!
You block the gnoll's attack. The gnoll attacks as it pursues you!
The gnoll hits you from afar with a +0 halberd.
The gnoll attacks as it pursues you!
The gnoll hits you from afar with a +0 halberd! x2
* * * LOW HITPOINT WARNING * * *
You see here a +0 tower shield.
The gnoll barely misses you.
You barely miss the gnoll. You grab the gnoll. You constrict the gnoll.
The gnoll hits you with a +0 halberd!
You die...

... #....#....###†#.#...... ...
#....#........#.#......
######.######.#.#......
################.########.#######
#................................
#.##############.#########.......
#.# #........# ........ #.#
#.....#########.##....... ..##
#......g@[............... #..#
#.....#########...##.####
#..######.....# #.
#.....##....### .. #.###..#....#
. #.# ##.#....# #.####.#g...#####
.g...g..........#
..####.#....###.######


You could see a gnoll (swift).

Vanquished Creatures
  A crimson imp (D:3)
  A jelly (D:4)
  A hound (D:5)
  3 orc priests (D:3)
  An iguana (D:5)
  An orc wizard (D:5)
  2 adders
  4 dart slugs
  9 orcs
  5 bats
  6 endoplasms
  A giant cockroach (D:1)
  7 goblins
  2 hobgoblins
  13 jackals
  4 quokkas
  5 ball pythons
  2 frilled lizards
  5 hobgoblin zombies (D:3)
  6 kobolds
  A kobold skeleton (D:3)
  An orc skeleton (D:3)
  2 orc zombies (D:3)
  2 rats
85 creatures vanquished.

Notes
Turn   | Place    | Note
-------+----------+-------------------------------------------
     0 | D:1      | BinkBink the Octopode Fighter began the quest for the Orb.
     0 | D:1      | Reached XP level 1. HP: 16/16 MP: 1/1
   137 | D:1      | You fall into a shaft and drop 1 floor!
   250 | D:2      | Reached XP level 2. HP: 21/21 MP: 2/2
   438 | D:1      | Reached XP level 3. HP: 26/26 MP: 3/3
   440 | D:1      | Reached skill level 1 in Stealth
   453 | D:1      | Found Widetrayst's Antique Weapon Emporium.
  1193 | D:2      | Found a faded altar of an unknown god.
  1437 | D:3      | Found Rionkaruec's Antique Armour Emporium.
  1517 | D:3      | Found a glowing golden altar of the Shining One.
  1527 | D:3      | Reached XP level 4. HP: 18/32 MP: 4/4
  1616 | D:3      | Found an ornate altar of the Wu Jian Council.
  1616 | D:3      | Found an opulent altar of Gozag.
  1622 | D:3      | Reached XP level 5. HP: 37/37 MP: 5/5
  1965 | D:3      | Found a snail-covered altar of Cheibriados.
  2138 | D:3      | Found a burning altar of Makhleb.
  2196 | D:4      | Found a stormy altar of Qazlal.
  2263 | D:4      | Reached XP level 6. HP: 29/43 MP: 6/6
  2754 | D:5      | Entered Level 5 of the Dungeon
  3016 | D:5      | Found a runed translucent door.
  3018 | D:5      | Noticed CoinPitGoblin's ghost (novice DrSh)
  3091 | D:5      | Slain by a gnoll

Illustrated notes

Levels and vault maps discovered:
D:1:      lemuel_arrival_muddy, layout_rooms, serial_shops,
          nicolae_shop_peninsula, minmay_misc_feat_tiny
D:2:      layout_rooms, shapermc_ecumenical_altar_pompeii,
          small_statue_intersection
D:3:      layout_rooms, cheibriados_altar_1, nicolae_tso_besieged_by_evil,
          jmf_multi_god_temple, lightli_temple_of_fire, serial_shops,
          shop_statue, grunt_ministairs_4
D:4:      layout_basic, grunt_qazlal_sundering, sigmund_army
D:5:      layout_basic, ebering_ghost_reflecting_pool

Skill      XL: |  1  2  3  4  5  6 |
---------------+-------------------+-----
Stealth        | 2 3 |  3.5
Unarmed Combat | 3 |  3.4
Fighting       | 4 |  4.2
Dodging        | 4 |  4.1
Shields        | 4 |  4.2

Action                     |  1- 3 |  4- 6 || total
---------------------------+-------+-------++-------
  Melee: Unarmed           |    96 |   105 ||   201
         Constrict         |    31 |    29 ||    60
         Tentacles         |    22 |    26 ||    48
         Punch             |     3 |     2 ||     5
    Use: Potion            |       |     2 ||     2
   Stab: Sleeping          |    10 |     8 ||    18
 Armour: Skin              |    52 |    29 ||    81
  Dodge: Dodged            |    61 |    45 ||   106
  Block: Buckler           |    18 |    17 ||    35

Table legend: (Time is in decaauts)
 A = Elapsed time spent in this place.
 B = Non-inter-level travel time spent in this place.
 C = Inter-level travel time spent in this place.
 D = Time resting spent in this place.
 E = Time spent auto-exploring this place.
 F = Levels seen in this place.
 G = Mean time per level.
                   A        B        C        D        E       F      G
               +--------+--------+--------+--------+--------+-----+--------+
         Total |   3089 |   2966 |    123 |    328 |   2050 |   5 |  617.8 |
       Dungeon |   3089 |   2966 |    123 |    328 |   2050 |   5 |  617.8 |
               +--------+--------+--------+--------+--------+-----+--------+

Top non-repeatable levels by time:
     D:3: 825 daAuts
     D:2: 709 daAuts
     D:1: 657 daAuts
     D:4: 613 daAuts
     D:5: 283 daAuts
